 Dungeon Crawl Stone Soup version 0.20-a0-263-g81abdfb (webtiles) character file.

11273 KristoblXynda the Destroyer (level 11, 0/181 (184) HPs)
             Began as a Yellow Draconian Venom Mage on Dec 4, 2016.
             Was a Believer of Vehumet.
             Killed by Ozocubu's Refrigeration
             ... invoked by Fannar
              (12 damage)
             ... on level 11 of the Dungeon.
             The game lasted 00:45:57 (11311 turns).

KristoblXynda the Destroyer (DrVM)                 Turns: 11311, Time: 00:45:58

HP:   0/181 (184)   AC: 25    Str: 17    XL:     11   Next: 47%
MP:   23/23         EV:  2    Int: 18    God:    Vehumet [**....]
Gold: 279           SH:  5    Dex: 16    Spells: 18/26 levels left

rFire  . . .     SeeInvis .     s - +2 whip (flame)
rCold  . . .     Gourm    .     (armour unavailable)
rNeg   + + +     Faith    .     H - +0 buckler {rPois}
rPois  +         Spirit   .     (helmet currently unavailable)
rElec  .         Reflect  .     (cloak currently unavailable)
rCorr  .         Harm     .     (gloves currently unavailable)
MR     .....     NoTele   +     (boots currently unavailable)
Stlth  ..........               (no amulet)
                                D - +5 ring of dexterity
                                j - ring of poison resistance

@: berserking (expiring), tree-form (expiring), very quick
A: (spit acid), (acid resistance), unfitting armour, (cold-blooded), AC +7
a: Renounce Religion


You were on level 11 of the Dungeon.
You worshipped Vehumet.
Vehumet was pleased with you.
You were not hungry.
You were a tree.
You visited 3 branches of the dungeon, and saw 13 of its levels.

You collected 565 gold pieces.
You spent 286 gold pieces at shops.

Inventory:

Hand Weapons
 s - a +2 whip of flaming (weapon)
Armour
 i - a +1 pair of gloves (melded)
 l - a +2 pair of boots (melded)
 E - a +0 cloak (melded)
 H - a +0 buckler of poison resistance (worn)
Jewellery
 j - a ring of poison resistance (left branch)
 u - an uncursed ring of protection from cold
 D - a +5 ring of dexterity (right branch)
Wands
 n - a wand of disintegration (15/24)
 r - a wand of digging (23/24)
 B - a wand of iceblast (3/15)
Scrolls
 h - 3 scrolls of teleportation
 k - a scroll of blinking
 v - 2 scrolls of amnesia
 w - 2 scrolls of remove curse
Potions
 c - a potion of agility
 d - a potion of resistance
 e - a potion of ambrosia
 f - 3 potions of haste
 p - a potion of might
 q - 3 potions of flight
 z - a potion of brilliance {unknown}
 A - a potion of invisibility {unknown}
 C - a potion of mutation
 G - 2 potions of beneficial mutation {unknown}
Books
 a - a Young Poisoner's Handbook

   Spells                             Type                      Level
   a - Sting                          Conjuration/Poison           1
   b - Mephitic Cloud                 Conjuration/Poison/Air       3
   c - Olgreb's Toxic Radiance        Poison                       4
   d - Alistair's Intoxication        Transmutation/Poison         5
   e - Venom Bolt                     Conjuration/Poison           5
 m - a book of Power

   Spells                             Type                      Level
   a - Fulminant Prism                Conjuration/Hexes            4
   b - Iskenderun's Mystic Blast      Conjuration                  4
   c - Venom Bolt                     Conjuration/Poison           5
   d - Bolt of Magma                  Conjuration/Fire/Earth       5
   e - Iron Shot                      Conjuration/Earth            6
   f - Orb of Destruction             Conjuration                  7
   g - Spellforged Servitor           Conjuration/Summoning        7
 o - a book of Misfortune

   Spells                             Type                      Level
   a - Confusing Touch                Hexes                        1
   b - Confuse                        Hexes                        3
   c - Gell's Gravitas                Hexes/Translocation          3
   d - Petrify                        Transmutation/Earth          4
   e - Metabolic Englaciation         Hexes/Ice                    5
   f - Yara's Violent Unravelling     Hexes/Transmutation          5
Comestibles
 b - 5 bread rations
 g - 10 fruits
 F - 6 slices of pizza
 I - a meat ration


   Skills:
 + Level 3.2 Fighting
 - Level 8.5 Maces & Flails
 - Level 1.7 Dodging
 - Level 1.7 Stealth
 - Level 4.0 Shields
 - Level 4.4 Unarmed Combat
 + Level 8.1 Spellcasting
 + Level 10.4 Conjurations
 - Level 2.1 Air Magic
 - Level 5.0 Poison Magic
 - Level 4.0 Evocations


You had 18 spell levels left.
You knew the following spells:

 Your Spells              Type           Power        Failure   Level  Hunger
a - Sting                 Conj/Pois      ####         1%          1    None
b - Mephitic Cloud        Conj/Pois/Air  ####....     2%          3    #......
c - Iskenderun's Mystic   Conj           #####...     1%          4    ###....


Dungeon Overview and Level Annotations

Branches:
Dungeon (11/15)            Temple (1/1) D:7             Orc (1/2) D:9
   Lair: D:8-11

Altars:
Ashenzari
Cheibriados
Dithmenos
Elyvilon
Fedhas
Gozag
Hepliaklqana
Kikubaaqudgha
Makhleb
Nemelex Xobeh
Okawaru
Qazlal
Ru
Sif Muna
Trog
Uskayaw
Vehumet
Xom
Yredelemnul
Zin
The Shining One

Shops:
D:7 *   D:8 !   D:9 ([!

Annotations:
D:11 Fannar, Urug


Innate Abilities, Weirdness & Mutations

((You can spit globs of acid.))
((You are resistant to acid.))
((Your golden yellow scales are hard. (AC +7)))
You cannot fit into any form of body armour.
((You are cold-blooded and may be slowed by cold attacks.))


Message History

Fannar is moderately wounded.
Your transformation is almost over.
The ice beast hits you but does no damage.
Fannar casts a spell at you.
Helpless, you fail to dodge the bolt of cold.
* * * LOW HITPOINT WARNING * * *
You whack Fannar! You burn Fannar.
Fannar is heavily wounded.
You closely miss Fannar.
Fannar is heavily wounded.
The ice beast hits you but does no damage.
You are too berserk!
You are too berserk!
Unknown command.
You miss Fannar.
Fannar is heavily wounded.
Fannar mumbles some strange words.
Fannar drains the heat from the surrounding environment!
You feel very cold.
You die...

#. #. ..
##.## ....
###..###
#..|eY.# #
##♣#
##.#(.#
...#(.#(##
#..C...#
...####(#
#.# #.#
#.# #.#
#.# #.#
#.#


You could see Fannar and an ice beast.

Vanquished Creatures
  A hydra (D:10)
  2 hill giants (D:10)
  The ghost of stickyfingers the Carver, a novice TeEn of Qazlal (D:7)
  Pikel (D:5)
  A cyclops (D:11)
  A gargoyle (D:10)
  2 trolls (D:9)
  A hornet (D:8)
  2 dream sheep (D:10)
  A hippogriff (D:9)
  Grum (D:10)
  12 yaks (D:10)
  2 hungry ghosts
  A water moccasin (D:8)
  A black bear (D:9)
  5 orc warriors
  A phantom (D:11)
  2 ice beasts
  2 slaves (D:5)
  2 sky beasts
  7 ogres
  A necrophage (D:9)
  4 wolves (D:10)
  3 centaurs
  3 big kobolds (D:10)
  2 bullfrogs
  A scorpion (D:9)
  14 killer bees
  3 wights (D:8)
  5 crimson imps
  A bullfrog zombie (D:8)
  5 hounds
  2 centaur zombies
  A jelly (D:9)
  4 orc priests
  10 orc wizards
  A quasit (D:8)
  2 centaur skeletons
  2 bullfrog skeletons (D:6)
  An iguana (D:10)
  Natasha (thrice) (D:4)
  5 worker ants
  A killer bee zombie (D:6)
  2 worker ant zombies
  10 adders
  3 gnolls (D:7)
  A shadow imp (D:6)
  3 worms (D:3)
  2 dart slugs
  4 leopard geckos
  36 orcs
  7 giant cockroaches
  6 goblins
  4 hobgoblins
  10 jackals
  4 kobolds
  5 quokkas
  6 ball pythons
  4 bats
  8 frilled lizards
  A jackal skeleton (D:9)
  2 quokka skeletons
  7 rats
248 creatures vanquished.

Vanquished Creatures (collateral kills)
  A killer bee (D:7)
1 creature vanquished.

Vanquished Creatures (others)
  A killer bee (D:7)
  A quokka (D:5)
2 creatures vanquished.

Grand Total: 251 creatures vanquished

Notes
Turn   | Place    | Note
-------+----------+-------------------------------------------
     0 | D:1      | KristoblXynda the Draconian Venom Mage began the quest for the Orb.
     0 | D:1      | Reached XP level 1. HP: 14/14 MP: 3/3
   146 | D:1      | Reached XP level 2. HP: 16/20 MP: 0/5
   406 | D:1      | Reached skill level 1 in Conjurations
   535 | D:1      | Reached XP level 3. HP: 18/26 MP: 1/6
   698 | D:1      | Learned a level 3 spell: Mephitic Cloud
  1410 | D:2      | Reached XP level 4. HP: 33/33 MP: 5/8
  1472 | D:2      | Found a hide-covered altar of Uskayaw.
  1820 | D:3      | Reached skill level 2 in Conjurations
  2012 | D:3      | Found a hazy altar of Hepliaklqana.
  2034 | D:3      | Reached skill level 5 in Poison Magic
  2155 | D:3      | Found a burning altar of Makhleb.
  2161 | D:3      | Reached XP level 5. HP: 36/38 MP: 2/10
  2372 | D:3      | Reached skill level 1 in Unarmed Combat
  2526 | D:4      | Found a blossoming altar of Fedhas.
  2537 | D:4      | Found a shattered altar of Ashenzari.
  2578 | D:4      | Found a white marble altar of Elyvilon.
  2616 | D:4      | Noticed Natasha
  2620 | D:4      | Killed Natasha
  2691 | D:4      | Found a snail-covered altar of Cheibriados.
  2718 | D:4      | Found a shimmering altar of Xom.
  2790 | D:4      | Noticed an ogre
  2797 | D:4      | Killed an ogre
  2797 | D:4      | Reached skill level 3 in Conjurations
  2797 | D:4      | Reached XP level 6. HP: 18/45 MP: 2/11
  2890 | D:4      | Noticed Natasha
  2896 | D:4      | Killed Natasha
  3016 | D:4      | Noticed Natasha
  3022 | D:4      | Killed Natasha
  3305 | D:5      | Entered Level 5 of the Dungeon
  3478 | D:5      | Reached skill level 4 in Conjurations
  3478 | D:5      | Your scales start taking on a golden yellow colour.
  3478 | D:5      | Reached XP level 7. HP: 37/50 MP: 6/13
  3544 | D:5      | Found a stormy altar of Qazlal.
  3569 | D:5      | Noticed Pikel
  3619 | D:5      | Killed Pikel
  3619 | D:5      | Reached skill level 5 in Spellcasting
  3619 | D:5      | Reached skill level 5 in Conjurations
  3619 | D:5      | Reached XP level 8. HP: 36/57 MP: 2/15
  4151 | D:5      | Reached skill level 1 in Maces & Flails
  5354 | D:7      | Noticed stickyfingers's ghost (novice TeEn)
  5378 | D:7      | Killed stickyfingers's ghost
  5378 | D:7      | Reached skill level 6 in Conjurations
  5378 | D:7      | Reached XP level 9. HP: 33/62 MP: 18/18
  5724 | D:7      | Found Zin's Purification Station.
  5727 | D:7      | Found a glowing silver altar of Zin.
  5863 | D:7      | Found a radiant altar of Vehumet.
  5881 | D:7      | Became a worshipper of Vehumet
  5944 | D:7      | Found a staircase to the Ecumenical Temple.
  5964 | Temple   | Entered the Ecumenical Temple
  6054 | D:7      | Reached skill level 7 in Conjurations
  6767 | D:8      | Reached skill level 5 in Maces & Flails
  6767 | D:8      | Reached skill level 1 in Air Magic
  6861 | D:8      | Found a sacrificial altar of Ru.
  6961 | D:8      | Reached * piety under Vehumet
  6961 | D:8      | Offered knowledge of Flame Tongue by Vehumet.
  6966 | D:8      | Found Zofulise's Distillery.
  7023 | D:8      | Reached skill level 1 in Evocations
  7037 | D:8      | Reached skill level 8 in Conjurations
  7084 | D:8      | Bought a potion of mutation for 35 gold pieces
  7084 | D:8      | Bought a potion of berserk rage for 70 gold pieces
  7692 | D:9      | Found Xoshra's Distillery.
  7707 | D:9      | Bought a potion of lignification for 45 gold pieces
  7729 | D:9      | Reached XP level 10. HP: 67/69 MP: 15/19
  8082 | D:9      | Found Yxeap's Armour Shoppe.
  8083 | D:9      | Found a staircase to the Orcish Mines.
  8085 | D:9      | Found Tarad's Weapon Shoppe.
  8219 | D:9      | Bought a +0 buckler of poison resistance for 136 gold pieces
  9059 | Orc:1    | Entered Level 1 of the Orcish Mines
  9073 | D:10     | Entered Level 10 of the Dungeon
  9073 | D:10     | Noticed Grum
  9187 | D:10     | Offered knowledge of Throw Flame by Vehumet.
  9226 | D:10     | Noticed a hill giant
  9237 | D:10     | Reached ** piety under Vehumet
  9238 | D:10     | Killed a hill giant
  9238 | D:10     | Reached skill level 9 in Conjurations
  9257 | D:10     | Killed Grum
  9521 | D:10     | Noticed a gargoyle
  9560 | D:10     | Killed a gargoyle
  9604 | D:10     | Learned a level 4 spell: Iskenderun's Mystic Blast
  9815 | D:10     | Noticed a two-headed hydra
  9821 | D:10     | Killed a two-headed hydra
  9821 | D:10     | Reached XP level 11. HP: 73/73 MP: 21/21
 10548 | D:10     | Found a white marble altar of Elyvilon.
 10572 | D:10     | Reached skill level 10 in Conjurations
 10737 | D:10     | Reached skill level 1 in Fighting
 11113 | D:10     | Noticed a hill giant
 11129 | D:10     | Killed a hill giant
 11163 | D:11     | Noticed Urug
 11293 | D:11     | Noticed Fannar
 11311 | D:11     | Killed from afar by Fannar

Vault maps used:
D:1:      doesnt_arrival_goblin_jail
D:2:      lemuel_coloured_pillars_altar
D:3:      old_standard_altar, makhleb_heckhound_becter
D:4:      lemuel_doored_altar, kennysheep_little_box,
          ashenzari_conservatory_becter, nicolae_overflow_hidden_temple,
          fedhas_altar_2, corexii_shack, uniq_natasha
D:5:      old_standard_altar, first_bread, kennysheep_doodads,
          saegor_snake_ambush, uniq_pikel
D:7:      zin_purify, vehumet_crystals, nicolae_underground_beach
D:8:      old_standard_altar, serial_shops, shop
D:9:      orc_david_3, serial_shops, shop
D:10:     hangedman_ranch, minmay_misc_feat_iff, elyvilon_altar_3, uniq_grum
D:11:     lair_entry_dummy, lab_entry_generic, minmay_misc_feat_alley,
          uniq_fannar, uniq_urug
Temple:   jpeg_temple_island
Orc:1:    serial_shops, shop, basic_altar

Skill      XL: |  1  2  3  4  5  6  7  8  9 10 11 |
---------------+----------------------------------+-----
Conjurations   | 1 2 3 4 5 6 8 9 10 | 10.4
Spellcasting   | 3 4 5 6 7 8 |  8.1
Poison Magic   | 5 |  5.0
Unarmed Combat | 2 3 4 |  4.4
Maces & Flails | 3 6 8 |  8.5
Shields        | 2 4 |  4.0
Air Magic      | 2 |  2.1
Evocations     | 2 4 |  4.0
Fighting       | 3 |  3.2
Dodging        | |  1.7
Stealth        | |  1.7

Action                   |  1- 3 |  4- 6 |  7- 9 | 10-12 || total
-------------------------+-------+-------+-------+-------++-------
Melee: Unarmed           |   119 |    33 |    23 |       ||   175
       Tailslap          |    14 |     2 |    42 |    58 ||   116
       Whip              |       |       |   463 |   430 ||   893
       Punch             |       |       |     4 |       ||     4
 Cast: Sting             |    56 |   132 |   106 |    45 ||   339
       Mephitic Cloud    |       |     1 |    33 |    39 ||    73
       Iskenderun's Myst |       |       |       |    15 ||    15
 Abil: Breathe Acid      |       |       |    13 |     7 ||    20
Evoke: Wand              |       |       |       |    18 ||    18
  Use: Scroll            |     9 |     5 |     9 |     2 ||    25
       Potion            |       |     1 |     6 |     4 ||    11
 Stab: Confused          |       |       |    15 |    27 ||    42
       Sleeping          |       |       |     3 |     1 ||     4
  Eat: Chunk             |     2 |     5 |    14 |     7 ||    28
       Pizza             |       |     1 |       |       ||     1
       Fruit             |       |       |     3 |     2 ||     5
       Beef jerky        |       |       |     1 |     2 ||     3
       Bread ration      |       |       |       |     1 ||     1
       Meat ration       |       |       |       |     1 ||     1
Armor: Skin              |    54 |    19 |   240 |   111 ||   424
Dodge: Dodged            |   103 |    36 |   290 |   117 ||   546
Block: Buckler           |       |       |    19 |    69 ||    88
